 Dungeon Crawl Stone Soup version 0.23.2-30-g0e89c35649 (webtiles) character file.

Game seed: 14452696756650489676

11321 Folque the Geomancer (level 11, -4/82 HPs)
             Began as a Pale Draconian Earth Elementalist on June 21, 2019.
             Was an Elder of Sif Muna.
             Slain by Harold
             ... wielding a +0 long sword
              (7 damage)
             ... on level 7 of the Dungeon.
             The game lasted 00:51:51 (11328 turns).

Folque the Geomancer (DrEE)                        Turns: 11328, Time: 00:51:52

Health: -4/82      AC:  8    Str: 10    XL:     11   Next: 47%
Magic:  1/23       EV: 15    Int: 19    God:    Sif Muna [****..]
Gold:   753        SH:  0    Dex: 12    Spells: 3/24 levels left

rFire    . . .     SeeInvis .   q - +5 scimitar
rCold    . . .     Gourm    .   (no shield)
rNeg     . . .     Faith    .   (armour unavailable)
rPois    .         Spirit   .   (helmet restricted)
rElec    .         Reflect  .   A - +0 cloak {+Inv}
rCorr    .         Harm     .   (no gloves)
MR       .....                  (no boots)
Stlth    +++.......             (no amulet)
HPRegen  0.23/turn              (no ring)
MPRegen  0.18/turn              (no ring)

@: marked, very slightly contaminated, invisible, no casting
A: breathe steam, unfitting armour, big wings, high mp 1, cold-blooded, AC +7
a: Breathe Steam, Fly, Stop Divine Energy, Channel Magic, Forget Spell, Renounce
Religion


You were on level 7 of the Dungeon.
You worshipped Sif Muna.
Sif Muna was greatly pleased with you.
You were not hungry.

You visited 2 branches of the dungeon, and saw 13 of its levels.

You collected 753 gold pieces.

Inventory:

Hand Weapons
 l - a +0 mace
 q - a +5 scimitar (weapon)
 s - a +0 blowgun
 w - a +0 dagger of venom
 G - a +0 long sword
 K - a +0 flail of crushing
Missiles
 b - 219 stones (quivered)
 h - 72 poisoned needles
 p - 6 javelins
 J - 2 throwing nets
Armour
 A - a +0 cloak of invisibility (worn)
Wands
 r - a wand of iceblast (5)
 t - a wand of polymorph (8)
 B - a wand of acid (12)
 D - a wand of enslavement (8)
 F - a wand of digging (4)
Scrolls
 a - 9 scrolls of identify
 e - 10 scrolls of remove curse
 f - 3 scrolls of blinking {unknown}
 g - 3 scrolls of enchant armour {unknown}
 i - 4 scrolls of fear
 m - 5 scrolls of teleportation
 n - a scroll of random uselessness {unknown}
 o - 3 scrolls of fog {unknown}
 v - 3 scrolls of immolation {unknown}
 z - 2 scrolls of noise {unknown}
 H - a scroll of enchant weapon {unknown}
 I - a scroll of amnesia {unknown}
Potions
 d - 2 potions of lignification {unknown}
 k - 3 potions of might
 u - 2 potions of brilliance
 C - a potion of flight {unknown}
 E - 3 potions of invisibility
Comestibles
 c - 29 rations


   Skills:
 - Level 3.1 Fighting
 - Level 3.0(3.1) Short Blades
 - Level 1.0(2.2) Long Blades
 + Level 6.2 Dodging
 - Level 6.0 Stealth
 - Level 7.0 Spellcasting
 * Level 6.7 Conjurations
 - Level 4.1 Transmutations
 - Level 10.0 Earth Magic
 - Level 6.0 Invocations


You had 3 spell levels left.
You knew the following spells:

 Your Spells              Type           Power        Failure   Level  Hunger
a - Sandblast             Erth           #####.       1%          1    None
b - Passwall              Tmut/Erth      ####....     1%          2    None
c - Stone Arrow           Conj/Erth      #####.       1%          3    #......
d - Lee's Rapid Deconstr  Erth           #####.....   4%          5    #####..
e - Petrify               Tmut/Erth      ####....     5%          4    ###....
f - Iron Shot             Conj/Erth      #####.....   45%         6    ######.

Your spell library contained the following spells:

 Spells                   Type           Power        Failure   Level  Hunger
 Animate Skeleton         Necr           N/A          10%         1    None
 Infusion                 Chrm           #...         10%         1    None
 Pain                     Necr           #...         10%         1    None
 Blink                    Tloc           N/A          16%         2    None
 Regeneration             Chrm/Necr      #.........   30%         3    #......
 Vampiric Draining        Necr           #.........   30%         3    #......
 Force Lance              Conj/Tloc      ###.....     26%         4    ###....
 Bolt of Magma            Conj/Fire/Erth ####......   28%         5    #####..
 Iskenderun's Battlesphe  Conj/Chrm      ###.....     56%         5    #####..
 Venom Bolt               Conj/Pois      ###.......   56%         5    #####..
 Animate Dead             Necr           N/A          69%         4    ###....
 Orb of Destruction       Conj           ####......   99%         7    #######
 Spellforged Servitor     Conj/Summ      ###.......   100%        7    #######
 Disjunction              Tloc           #.........   100%        8    #######


Dungeon Overview and Level Annotations

Branches:
Dungeon (12/15)            Temple (1/1) D:5            Lair (0/6) D:11
    Orc (0/2) D:11

Altars:
Cheibriados
Elyvilon
Hepliaklqana
Kikubaaqudgha
Makhleb
Nemelex Xobeh
Sif Muna
Vehumet
Xom
Yredelemnul
Zin
The Shining One

Shops:
D:11 *

Annotations:
D:7 3 runed translucent doors, Exporg's ghost, novice HOBe; Harold


Innate Abilities, Weirdness & Mutations

You can breathe blasts of scalding, opaque steam.
Your pale cyan-grey scales are hard. (AC +7)
You cannot fit into any form of body armour.
You are cold-blooded and may be slowed by cold attacks.
Your large and strong wings let you fly indefinitely.
You have an increased reservoir of magic. (+10% MP)


Message History

Press: ? - help, Shift-Dir - straight line, f/p - Harold
Aim: Harold, wielding a +0 long sword, wearing a +0 scale mail and wearing a +4 ring of evasion (almost dead)
The blast of sand hits Harold.
Harold is almost dead.
b - 219 stones Harold hits you with a +0 long sword!!
* * * LOW HITPOINT WARNING * * *
Casting: Sandblast (safe; 1% risk of failure)
Confirm with . or Enter, or press ? or * to list all spells.
Aiming: Stone Arrow (safe; 1% risk of failure)
Press: ? - help, Shift-Dir - straight line, f/p - Harold
Aim: Harold, wielding a +0 long sword, wearing a +0 scale mail and wearing a +4 ring of evasion (almost dead)
The stone arrow misses Harold.
Sif Muna grants you divine energy.
You briefly lose access to your magic!
Harold hits you with a +0 long sword.
* * * LOW HITPOINT WARNING * * *
It was a potion of invisibility.
You fade into invisibility!
Harold hits you with a +0 long sword!
You die...

####.# #.#.# #.# #.#...... ..##[#
#.#.# #.# #.#...#.#
...#.###.#)#####.# #.#<.....
......##.#.#.....########.#######
)........)..............#.#......
#####.##.#)#.....#..###.#.#.#####
......##.#.....#.#..###.#)#.#....
............)....(...............
...#####...)#<.#@#...##.#.#....#.
##.# ####.####@#....#.#.#..#...
...## ####......###..#.#.#..#.#.
....# #.)............#......#.#>
.(..# #.#########.##..##.#..#.#.
....# #.#....J..#.###.##.#..#.#.
##.#####.#...$$..#.###.##.##.#...
##.......#.##.##.#...........^...
########.#.##.##.#.......###.#...


You could see Harold and a jelly.

Vanquished Creatures
  A hydra (D:11)
  An ugly thing (D:9)
  A cyclops (D:11)
  2 oklob plants (D:11)
  Grinder (D:5)
  3 trolls
  A hornet (D:10)
  A hippogriff (D:12)
  5 yaks
  2 hogs (D:8)
  A human (D:8)
  A wraith (D:11)
  A hungry ghost (D:10)
  Menkaure (D:6)
  An acid dragon (D:11)
  7 orc warriors
  2 black bears
  4 sky beasts
  3 necrophages
  2 ice beasts
  3 phantoms
  3 ogres
  3 centaurs
  A crocodile (D:10)
  Blork the orc (D:6)
  3 big kobolds
  10 bullfrogs
  A wyvern zombie (D:10)
  A gnoll sergeant (D:10)
  4 scorpions
  5 wights
  5 killer bees (D:11)
  4 howler monkeys
  6 crimson imps
  2 bullfrog zombies
  3 jellies
  4 hounds
  9 orc priests
  Crazy Yiuf (D:2)
  11 orc wizards
  3 bullfrog skeletons
  A centaur skeleton (D:7)
  6 iguanas
  Natasha (thrice) (D:3)
  5 worker ants
  A killer bee zombie (D:9)
  3 hound zombies
  A worker ant zombie (D:5)
  13 adders
  6 gnolls
  4 shadow imps
  An ooze (D:6)
  An adder zombie (D:8)
  4 worms
  12 dart slugs
  6 leopard geckos
  27 orcs
  6 bats
  5 giant cockroaches
  7 goblins
  8 hobgoblins
  9 jackals
  7 quokkas
  5 frilled lizards
  16 kobolds
  9 rats
  2 fungi (D:2)
292 creatures vanquished.

Notes
Turn   | Place    | Note
-------+----------+-------------------------------------------
     0 | D:1      | Folque the Draconian Earth Elementalist began the quest for
                  | the Orb.
     0 | D:1      | Reached XP level 1. HP: 14/14 MP: 3/3
   197 | D:1      | Reached skill level 1 in Fighting
   210 | D:1      | Reached XP level 2. HP: 14/23 MP: 0/5
   557 | D:1      | Learned a level 2 spell: Passwall
   577 | D:1      | Reached XP level 3. HP: 22/29 MP: 1/6
   782 | D:1      | Learned a level 3 spell: Stone Arrow
  1129 | D:2      | Reached skill level 1 in Conjurations
  1210 | D:2      | Found a runed translucent door.
  1211 | D:2      | Noticed Crazy Yiuf
  1241 | D:2      | Gained mutation: Your large and strong wings let you fly
                  | indefinitely. [potion of mutation]
  1241 | D:2      | Gained mutation: You have an increased reservoir of magic.
                  | (+10% MP) [potion of mutation]
  1242 | D:2      | Killed Crazy Yiuf
  1242 | D:2      | Reached XP level 4. HP: 5/36 MP: 0/9
  1425 | D:2      | Found a basalt altar of Yredelemnul.
  1689 | D:2      | Noticed a necrophage
  1699 | D:2      | Killed a necrophage
  1699 | D:2      | Reached XP level 5. HP: 39/40 MP: 0/10
  2116 | D:3      | Noticed Natasha
  2125 | D:3      | Killed Natasha
  2125 | D:3      | Reached skill level 4 in Earth Magic
  2563 | D:3      | Noticed Natasha
  2576 | D:3      | Killed Natasha
  2576 | D:3      | Reached XP level 6. HP: 31/47 MP: 0/13
  2586 | D:3      | Learned a level 5 spell: Lee's Rapid Deconstruction
  2900 | D:3      | Noticed Natasha
  2905 | D:3      | Killed Natasha
  3287 | D:4      | Reached skill level 5 in Earth Magic
  3287 | D:4      | Your scales start taking on a pale cyan-grey colour.
  3287 | D:4      | Reached XP level 7. HP: 45/54 MP: 0/14
  3778 | D:5      | Entered Level 5 of the Dungeon
  3844 | D:5      | Found a staircase to the Ecumenical Temple.
  3894 | Temple   | Entered the Ecumenical Temple
  3910 | Temple   | Became a worshipper of Sif Muna the Loreminder
  3934 | D:5      | Learned a level 4 spell: Petrify
  4347 | D:5      | Reached skill level 6 in Earth Magic
  4386 | D:5      | Noticed Grinder
  4429 | D:5      | Reached skill level 5 in Spellcasting
  4434 | D:5      | Reached XP level 8. HP: 42/60 MP: 3/17
  4436 | D:5      | Killed Grinder
  4810 | D:6      | Noticed Menkaure
  4812 | D:6      | Killed Menkaure
  4812 | D:6      | Reached * piety under Sif Muna
  4812 | D:6      | Reached skill level 7 in Earth Magic
  4994 | D:6      | Reached skill level 1 in Invocations
  5092 | D:6      | Found a white marble altar of Elyvilon.
  5092 | D:6      | Found an ancient bone altar of Kikubaaqudgha.
  5092 | D:6      | Found a snail-covered altar of Cheibriados.
  5113 | D:6      | Noticed Blork the orc
  5133 | D:6      | Killed Blork the orc
  5167 | D:6      | Reached skill level 8 in Earth Magic
  5338 | D:6      | Reached XP level 9. HP: 30/66 MP: 4/19
  5701 | D:7      | Noticed Exporg's ghost (novice HOBe)
  5706 | D:7      | Found a runed translucent gate.
  5706 | D:7      | Found a runed translucent gate.
  5708 | D:7      | Found a runed translucent gate.
  5901 | D:7      | Reached ** piety under Sif Muna
  6118 | D:7      | Reached skill level 5 in Dodging
  6220 | D:7      | Found a shimmering altar of Xom.
  6532 | D:7      | Reached skill level 9 in Earth Magic
  6773 | D:8      | Reached XP level 10. HP: 72/72 MP: 1/22
  6796 | D:8      | Reached skill level 5 in Invocations
  6823 | D:8      | Identified the Papyrus of Spatial Aid
  6832 | D:8      | Learned a level 6 spell: Iron Shot
  6921 | D:8      | Reached skill level 5 in Stealth
  7599 | D:9      | Noticed a brown ugly thing
  7834 | D:9      | Reached *** piety under Sif Muna
  8107 | D:9      | Killed a brown ugly thing
  8458 | D:10     | Entered Level 10 of the Dungeon
  8871 | D:10     | Reached skill level 1 in Short Blades
  9441 | D:11     | Found a staircase to the Lair.
  9441 | D:11     | Noticed an oklob plant
  9449 | D:11     | Noticed an oklob plant
  9453 | D:11     | Killed an oklob plant
  9453 | D:11     | Reached XP level 11. HP: 56/82 MP: 8/23
  9559 | D:11     | Killed an oklob plant
  9737 | D:11     | Noticed an eight-headed hydra
  9753 | D:11     | Killed an eight-headed hydra
  9753 | D:11     | Reached **** piety under Sif Muna
  9753 | D:11     | Reached skill level 5 in Conjurations
  9774 | D:11     | Reached skill level 10 in Earth Magic
  9950 | D:11     | Found a staircase to the Orcish Mines.
 10270 | D:10     | Reached skill level 1 in Long Blades
 10411 | D:11     | Found Uptouw's Assorted Antiques.
 11312 | D:7      | Noticed Harold
 11326 | D:7      | HP: 4/82 [Harold/+0 long sword (18)]
 11328 | D:7      | Slain by Harold

Skill      XL: |  1  2  3  4  5  6  7  8  9 10 11 |
---------------+----------------------------------+-----
Fighting       | 1 2 3 |  3.1
Conjurations   | 1 2 3 4 6 |  6.7
Spellcasting   | 3 4 5 6 7 |  7.0
Earth Magic    | 4 5 6 8 9 10 | 10.0
Dodging        | 2 3 4 5 6 |  6.2
Invocations    | 2 4 6 |  6.0
Stealth        | 3 6 |  6.0
Transmutations | 4 |  4.1
Short Blades   | 2 3 |  3.0
Long Blades    | 1 |  1.0

Action                   |  1- 3 |  4- 6 |  7- 9 | 10-12 || total
-------------------------+-------+-------+-------+-------++-------
Melee: Unarmed           |    85 |       |       |       ||    85
       Tailslap          |    10 |     7 |    23 |    21 ||    61
       Mace              |    51 |    96 |   159 |       ||   306
       Dagger            |       |       |    45 |    79 ||   124
       Scimitar          |       |       |       |   123 ||   123
 Cast: Sandblast         |    22 |    20 |    50 |    32 ||   124
       Stone Arrow       |     2 |    23 |    48 |    57 ||   130
       Lee's Rapid Decon |       |       |    18 |    24 ||    42
       Petrify           |       |       |     3 |    21 ||    24
       Iron Shot         |       |       |       |     5 ||     5
       Passwall          |       |       |       |     1 ||     1
Invok: Divine Energy     |       |       |     1 |       ||     1
 Abil: Fly               |       |       |     4 |     1 ||     5
       Stop Flying       |       |       |     4 |     1 ||     5
       Breathe Steam     |       |       |     5 |     5 ||    10
  Use: Potion            |     1 |       |       |     6 ||     7
       Scroll            |       |       |     9 |     2 ||    11
 Stab: Sleeping          |     3 |     3 |     5 |     3 ||    14
       Petrified         |       |       |    18 |    30 ||    48
       Petrifying        |       |       |       |     2 ||     2
  Eat: Chunk             |       |    10 |    21 |    19 ||    50
       Ration            |       |       |       |     3 ||     3
Armor: Skin              |    39 |    34 |    87 |    65 ||   225
Dodge: Dodged            |    81 |    59 |   164 |   181 ||   485
       Rpst.: Scimitar   |       |       |       |    38 ||    38
